 Dungeon Crawl Stone Soup version 0.29.0-15-g675c0067aa (webtiles) character file.

Game seed: 4419603720028856057

62 qw the Chopper (level 4, -2/28 HPs)
             Began as a Gargoyle Fighter on Sept 12, 2022.
             Slain by a gnoll
             ... wielding a +0 spear
             ... led by a gnoll bouda
              (5 damage)
             ... on level 3 of the Dungeon.
             The game lasted 00:00:45 (2575 turns).

qw the Chopper (Gargoyle Fighter)                   Turns: 2575, Time: 00:00:45

Health: -2/28      AC: 11    Str: 22    XL:     4   Next: 8%
Magic:  4/4        EV:  9    Int:  8    God:
Gold:   102        SH:  4    Dex:  9    Spells: 3/3 levels left

rFire   . . .      SeeInvis .   Y - +0 war axe
rCold   . . .      Faith    .   c - +0 buckler
rNeg    + . .      Spirit   .   b - +0 scale mail
rPois   inf        Reflect  .   m - +0 helmet
rElec   +          Harm     .   (no cloak)
rCorr   .          Rampage  .   (no gloves)
Will    .....                   (no boots)
Stlth   ..........              (no amulet)
HPRegen 0.09/turn               (no ring)
MPRegen 0.09/turn               (no ring)

@: about to teleport
A: sickness immunity, AC +3, negative energy resistance 1, electricity
resistance, torment resistance 1, petrification resistance
a: no special abilities


You were on level 3 of the Dungeon.
You visited 1 branch of the dungeon, and saw 3 of its levels.

You collected 102 gold pieces.


Innate Abilities, Weirdness & Mutations

You are immune to sickness and miasma.
Your stone body is resilient. (AC +3)
You are immune to poison.
You resist negative energy. (rN+)
You are resistant to electric shocks. (rElec)
You are resistant to unholy torment.
You are immune to petrification.


   Skills:
 - Level 3.2 Fighting
 + Level 3.8 Axes
 - Level 3.2 Armour
 - Level 3.2 Shields


You had 3 spell levels left.
You didn't know any spells.
Your spell library was empty.

Inventory:

Hand Weapons
 g - a +0 whip
 Y - a +0 war axe (weapon)
Missiles
 a - 4 boomerangs (quivered)
Armour
 b - a +0 scale mail (worn)
 c - a +0 buckler (worn)
 m - a +0 helmet (worn)
Potions
 d - 2 potions of might
 e - a potion of degeneration {unknown}
 f - a potion of curing {unknown}

Dungeon Overview and Level Annotations

Branches:
Dungeon (3/15)

Altars:


Message History

A gnoll bouda and 2 gnolls come into view.
The gnoll bouda shouts!
The gnoll shouts! x2; You hear a shout! x2
The gnoll throws a throwing net.
The throwing net hits you.
You become entangled in the net!
The gnoll hits you but does no damage.
You see here a throwing net.
You struggle against the net.
The gnoll hits you but does no damage.
The gnoll bouda gazes fiercely through you!
You feel your attacks grow feeble.
The gnoll bouda hits you with a +0 whip.
The gnoll hits you but does no damage.
You tear a large gash into the net.
The gnoll hits you but does no damage.
You rip the net and break free!
The gnoll hits you but does no damage. x2
You closely miss the gnoll.
You hit the gnoll bouda but do no damage.
The gnoll hits you from afar with a +0 spear.
You block the gnoll bouda's attack. The gnoll hits you with a +0 spear.
You slash the gnoll!
The gnoll is heavily wounded.
You hit the gnoll bouda but do no damage.
Your attacks no longer feel as feeble.
The gnoll hits you but does no damage. The gnoll hits you with a +0 spear.
The gnoll bouda closely misses you.
You closely miss the gnoll.
The gnoll is heavily wounded.
You slash the gnoll bouda!
The gnoll hits you from afar with a +0 spear.
The gnoll hits you with a +0 spear.
The gnoll bouda calls upon its god to heal the gnoll.
The gnoll is healed somewhat.
The gnoll hits you from afar with a +0 spear.
You block the gnoll's attack.
The gnoll bouda hits you with a +0 whip.
2575 ||| READING scroll of teleportation.
As you read the scroll of teleportation, it crumbles to dust.
You feel strangely unstable.
The gnoll hits you from afar with a +0 spear.
You die...

#...# #.#..
......##########
..... ........#
#...##.......#
.gg#.......#
#g#$......# ...#
#g@.......#
.....##........#
.... ##.......#
##..###........# .
#.........##.#..
..#...............
............##....
...........>......
#......)#.....##.


You could see a gnoll bouda and 3 gnolls.

Vanquished Creatures
  An adder (D:2)
  2 worms (D:2)
  A dart slug (D:1)
  4 orcs
  3 bats (D:2)
  6 endoplasms
  3 giant cockroaches
  4 hobgoblins
  2 kobolds
  A quokka (D:1)
  3 ball pythons (D:2)
  2 frilled lizards
  A goblin (D:2)
  6 rats
39 creatures vanquished.

Notes
Turn   | Place    | Note
-------+----------+-------------------------------------------
     0 | D:1      | qw the Gargoyle Fighter began the quest for the Orb.
     0 | D:1      | Reached XP level 1. HP: 14/14 MP: 1/1
     0 | D:1      | 0 ||| qw: Version: 0.1-a-119-g272c26d
     0 | D:1      | 0 ||| qw: Game counter: 10774
     0 | D:1      | 0 ||| qw: Always use a shield: true
     0 | D:1      | 0 ||| qw: God list: Okawaru
     0 | D:1      | 0 ||| qw: Allow faded altars: false
     0 | D:1      | 0 ||| qw: Do Orc after D:15 true
     0 | D:1      | 0 ||| qw: Do second Lair branch before Depths: true
     0 | D:1      | 0 ||| qw: Lair rune preference: random
     0 | D:1      | 0 ||| qw: Plans: Normal, Zot, God:TSO, Crypt, Tomb, Pan,
                  | Slime, Hells, Zig, Abyss, Orb
     0 | D:1      | 0 ||| PLANNING D:1-11
    25 | D:1      | 25 ||| Stepping ~*~*~tactically~*~*~ (hiding).
   225 | D:1      | You fall into a shaft and drop 1 floor!
   277 | D:2      | Reached XP level 2. HP: 19/19 MP: 2/2
   411 | D:2      | Reached skill level 3 in Axes
   476 | D:2      | 476 ||| Stepping ~*~*~tactically~*~*~ (stealth).
   487 | D:2      | Reached XP level 3. HP: 14/23 MP: 3/3
   660 | D:2      | 660 ||| Stepping ~*~*~tactically~*~*~ (stealth).
   864 | D:2      | 864 ||| DROPPING +2 leather armour of willpower.
   865 | D:2      | 865 ||| READING scroll labelled AXILOE DONNOS.
   866 | D:2      | 866 ||| READING scroll labelled HIC LAYNKUK.
   867 | D:2      | 867 ||| READING scroll labelled COGAMA IWNUYNA.
   968 | D:2      | 968 ||| READING 2 scrolls labelled REBOSCH WERAIH.
  1339 | D:1      | 1339 ||| Stepping ~*~*~tactically~*~*~ (stealth).
  1893 | D:1      | 1893 ||| UPGRADING to +0 helmet.
  1898 | D:1      | 1898 ||| DROPPING orb of guile.
  1899 | D:1      | 1899 ||| READING scroll labelled EPAN DELAHAISH.
  1900 | D:1      | 1900 ||| READING scroll labelled HILAM BOCLOU.
  1901 | D:1      | 1901 ||| READING scroll labelled GITHYF XOISERE.
  1902 | D:1      | 1902 ||| READING scroll labelled KEUNYI XUGAUC.
  2263 | D:2      | 2263 ||| DRINKING 2 clear potions.
  2264 | D:2      | 2264 ||| DROPPING potion of flight.
  2329 | D:3      | 2329 ||| STAIRDANCE
  2334 | D:3      | 2334 ||| STAIRDANCE
  2342 | D:2      | Reached XP level 4. HP: 13/28 MP: 4/4
  2508 | D:3      | 2508 ||| STAIRDANCE
  2560 | D:3      | 2560 ||| Stepping ~*~*~tactically~*~*~ (hiding).
  2562 | D:3      | 2562 ||| Stepping ~*~*~tactically~*~*~ (hiding).
  2567 | D:3      | 2567 ||| Stepping ~*~*~tactically~*~*~ (stealth).
  2574 | D:3      | HP: 5/28 [gnoll/+0 spear[a gnoll bouda] (6)]
  2575 | D:3      | 2575 ||| READING scroll of teleportation.
  2575 | D:3      | Slain by a gnoll

Levels and vault maps discovered:
D:1:      saegor_arrival_simple_e, layout_basic, minmay_tiny_reverse_x
D:2:      layout_loops_ring
D:3:      layout_rooms, marbit_many_paths, zin_statuary,
          shapermc_ecumenical_altar_starsandcircs, minmay_bisected

Skill      XL: |  1  2 |
---------------+-------+-----
Axes           | 2 3 |  3.8
Fighting       | |  3.2
Armour         | |  3.2
Shields        | |  3.2

Action                   |  1- 3 |  4- 6 || total
-------------------------+-------+-------++-------
Melee: War axe           |    95 |     7 ||   102
Throw: Boomerang         |    29 |       ||    29
  Use: Scroll            |     8 |     1 ||     9
       Potion            |     1 |       ||     1
Armor: Scale mail        |    61 |    11 ||    72
Dodge: Dodged            |    41 |     6 ||    47
Block: Buckler           |    20 |     4 ||    24

Table legend:
 A = Non-vault XP
 B = Vault XP
 C = Vault XP percentage of total XP
 D = Non-vault monster count
 E = Vault monster count
 F = Vault count percentage of total count
                 A         B        C        D         E       F
            +---------+---------+-------+---------+---------+-------
      Total |      86 |       3 |   3.4 |      37 |       2 |   5.1
            +---------+---------+-------+---------+---------+-------
        D:1 |      24 |       3 |  11.1 |      13 |       2 |  13.3
        D:2 |      55 |       0 |   0.0 |      21 |       0 |   0.0
        D:3 |       7 |       0 |   0.0 |       3 |       0 |   0.0
            +---------+---------+-------+---------+---------+-------
